 Dungeon Sprint DCSS version 0.26.1-10-gdfb7c7de75 (webtiles) character file.

Game seed: 1083922413882275040

8186 phalm the Grappler (level 11, -40/67 HPs)
             Began as a Vine Stalker Berserker on Apr 8, 2021.
             Was a High Priest of Trog.
             Killed from afar by a hell hog (49 damage)
             ... with a fireball
             ... in the Dungeon (Sprint II: "The Violet Keep of Menkaure").
             The game lasted 00:09:22 (1068 turns).

phalm the Grappler (Vine Stalker Berserker)         Turns: 1068, Time: 00:09:23

Health: -40/67     AC: 17    Str: 24    XL:     11   Next: 26%
Magic:  0/10       EV: 19    Int:  7    God:    Trog [*****.]
Gold:   176        SH:  5    Dex: 14    Spells: 10/10 levels left

rFire    x . .     SeeInvis +     - Unarmed
rCold    . . .     Faith    .   (no shield)
rNeg     + . .     Spirit   +   c - +7 leather armour of Sionaga {rF- rN+ Will+ SInv}
rPois    .         Reflect  +   (no helmet)
rElec    .         Harm     .   (no cloak)
rCorr    .         Rampage  .   i - +1 pair of gloves {Str+3}
Will     ++...     NoTele   +   g - +2 pair of boots
Stlth    +.........             j - amulet of reflection
HPRegen  0.61/turn              (no ring)
MPRegen  0.12/turn              (no ring)

@: no status effects
A: fangs 3, clumsy 1, low mp 1, regeneration 1, magic shield, antimagic bite, no
potion heal 3, subdued magic 1
a: Renounce Religion, Berserk, Trog's Hand, Brothers in Arms


You were in the Dungeon.
You worshipped Trog.
Trog was extremely pleased with you.
You visited 1 branch You collected 1305 gold pieces.
You spent 1129 gold pieces at shops.

Inventory:

Armour
 a - a +0 animal skin
 c - the +7 leather armour of Sionaga (worn) {rF- rN+ Will+ SInv}
   (You bought it in a shop in the Dungeon)

   It makes you vulnerable to fire.
   It protects you from negative energy.
   It affects your willpower, your defense against some magical effects.
   It lets you see invisible.
 g - a +2 pair of boots (worn)
 h - a +2 pair of gloves of archery
 i - a +1 pair of gloves of strength (worn)
Jewellery
 j - an amulet of reflection (around neck)
Scrolls
 f - a scroll of blinking
Potions
 b - 3 potions of flight {unknown}
 d - 2 potions of magic
 e - a potion of berserk rage


   Skills:
 + Level 12.6 Fighting
 + Level 11.5 Armour
 + Level 11.6 Dodging
 + Level 13.6 Unarmed Combat


You had 10 spell levels left.
You didn't know any spells.
Your spell library was empty.

Dungeon Overview and Level Annotations

Branches:
Dungeon (1/1)

Altars:
Cheibriados
Dithmenos
Elyvilon
Fedhas
Gozag
Hepliaklqana
Kikubaaqudgha
Makhleb
Nemelex Xobeh
Okawaru
Qazlal
Ru
Sif Muna
Trog
Uskayaw
Vehumet
Wu Jian
Xom
Yredelemnul
Zin
The Shining One
Beogh
Jiyva
Lugonu

Shops:
D (!:?=!!=??:[}[[

Annotations:
D exclusions: obsidian statue, oklob plant and orange crystal statue


Innate Abilities, Weirdness & Mutations

You have razor-sharp teeth.
Your natural rate of healing is unusually fast.
When hurt, damage is shared between your health and your magic reserves.
Your bite disrupts and absorbs the magic of your enemies.
Potions cannot restore your health.
You are clumsy. (Dex -2)
Your magical capacity is low. (-10% MP)
Your spells are a little easier to cast, but a little less powerful.


Message History

You start resting.
Your deep troll rages.
You carefully extract the barbed spikes from your body.
You swap places.
Your deep troll rages.
There is an open door here.
You now have 176 gold pieces (gained 81).
You see here a manticore corpse.
You open the door. 2 hell hogs, 2 cane toads and 3 wyverns come into view.
The cane toad croaks.
The hell hog squeals angrily.
The wyvern hisses angrily.
The hell hog breathes fire at you.
The fireball explodes!
The fireball engulfs you!!! The fire burns you terribly!
Ouch! That really hurt!
* * * LOW HITPOINT WARNING * * *
The fireball engulfs your deep troll!!! The hell hog breathes fire at you.
The fireball explodes!
The fireball engulfs you!!! The fire burns you terribly!
Ouch! That really hurt!
You die...

** *##########***********
*,
*FF$.h?'@.#∩∩,∩∩+,+,,***,
*$.lllh#T.####***,****,,,
*+####*#'##..####+####,,,
*∩∩∩∩∩∩#..'.##°○....○##⌠,
*∩∩∩∩∩∩#..###○○°○.○...##,
*****####..+..°°°8○○...#*
*,,,*#...####°°°○○°°.°#*≈
*,,,,#...†))##..○°...#*,≈
############()#+++#+++##**


You could see 2 hell hogs, 2 cane toads, 3 wyverns and a friendly deep troll
(summoned, berserk).

Vanquished Creatures
  2 boulder beetles (D)
  A yaktaur (D)
  A kobold demonologist (D)
  3 polar bears (D)
  A hornet (D)
  12 flying skulls (D)
  3 neqoxecs (D)
  A water moccasin (D)
  5 necrophages (D)
  A scorpion (D)
  An iron imp (D)
  3 worms (D)
34 creatures vanquished.

Vanquished Creatures (collateral kills)
  Kirke (D)
  A yaktaur captain (D)
  A centaur warrior (D)
  A skeletal warrior (D)
  3 manticores (D)
  An elephant (D)
  2 polar bears (D)
10 creatures vanquished.

Vanquished Creatures (others)
  A neqoxec (D)
  Menkaure (D)
  A water moccasin (D)
3 creatures vanquished.

Grand Total: 47 creatures vanquished

Notes
Turn   | Place    | Note
-------+----------+-------------------------------------------
     0 | D        | phalm the Vine Stalker Berserker began the quest for the
                  | Orb.
     0 | D        | Reached XP level 1. HP: 11/11 MP: 2/2
     1 | D        | Noticed a boulder beetle
     1 | D        | Noticed a boulder beetle
     4 | D        | Noticed a necrophage
     4 | D        | Noticed a necrophage
     4 | D        | Noticed a necrophage
     4 | D        | Noticed a necrophage
     8 | D        | Killed a necrophage
     9 | D        | Reached skill level 5 in Unarmed Combat
     9 | D        | Reached XP level 2. HP: 18/18 MP: 1/3
     9 | D        | Reached XP level 3. HP: 21/21 MP: 1/4
     9 | D        | Gained mutation: Your natural rate of healing is unusually
                  | fast. [Vine Stalker growth]
     9 | D        | Reached XP level 4. HP: 26/26 MP: 1/5
    12 | D        | Killed a necrophage
    13 | D        | Reached skill level 5 in Fighting
    13 | D        | Reached skill level 6 in Unarmed Combat
    13 | D        | Reached XP level 5. HP: 31/31 MP: 6/6
    15 | D        | Killed a necrophage
    15 | D        | Reached ** piety under Trog
    16 | D        | Reached skill level 5 in Armour
    16 | D        | Reached skill level 5 in Dodging
    16 | D        | Reached XP level 6. HP: 36/36 MP: 7/7
    18 | D        | Killed a necrophage
    19 | D        | Reached skill level 7 in Unarmed Combat
    41 | D        | Noticed a neqoxec
    41 | D        | Noticed a neqoxec
    41 | D        | Noticed a neqoxec
    41 | D        | Noticed a neqoxec
    41 | D        | Gained mutation: Your magical capacity is low. (-10% MP) [a
                  | neqoxec]
    50 | D        | Killed a neqoxec
    51 | D        | Reached skill level 8 in Unarmed Combat
    51 | D        | Reached XP level 7. HP: 27/42 MP: 7/7
    58 | D        | Killed a neqoxec
    58 | D        | Reached *** piety under Trog
    58 | D        | Gained mutation: You are clumsy. (Dex -2) [a neqoxec]
    59 | D        | Killed Menkaure
    67 | D        | Gained mutation: Your spells are a little easier to cast,
                  | but a little less powerful. [a neqoxec]
    69 | D        | Killed a neqoxec
    74 | D        | Noticed a flying skull
    74 | D        | Noticed a flying skull
    74 | D        | Noticed a flying skull
    74 | D        | Noticed a flying skull
   164 | D        | Reached **** piety under Trog
   276 | D        | Noticed an obsidian statue
   279 | D        | Found Pema's Antique Armour Shoppe.
   279 | D        | Found Nunyted's Antique Armour Emporium.
   286 | D        | Reached skill level 9 in Unarmed Combat
   286 | D        | Gained mutation: You have razor-sharp teeth. [Vine Stalker
                  | growth]
   286 | D        | Reached XP level 8. HP: 42/48 MP: 8/8
   286 | D        | Found Quem Ham's Antique Armour Shoppe.
   286 | D        | Found Romiagata's Gadget Emporium.
   287 | D        | Found Lyekhobu's Magic Scroll Shoppe.
   287 | D        | Found Iguimex's Book Emporium.
   288 | D        | Found Cuisosh's Jewellery Shoppe.
   288 | D        | Found Rumn's Magic Scroll Emporium.
   289 | D        | Found Agguda Apui's Distillery.
   290 | D        | Found Ecretuje's Distillery.
   291 | D        | Noticed a flying skull
   293 | D        | Found Fonot's Jewellery Emporium.
   293 | D        | Found Duanorph's Magic Scroll Shoppe.
   293 | D        | Noticed a great orb of eyes
   293 | D        | Noticed an oklob plant
   294 | D        | Found Ikkiro's Distillery.
   294 | D        | Found Cuxumaov's Book Shoppe.
   294 | D        | Found Peigreofunt's Antique Weapon Emporium.
   296 | D        | Noticed a wyvern
   304 | D        | Noticed a wyvern
   327 | D        | Bought a pitted leather armour for 154 gold pieces
   330 | D        | Bought a pair of glowing boots for 165 gold pieces
   332 | D        | Bought a pair of embroidered gloves for 210 gold pieces
   342 | D        | Identified the +7 leather armour of Sionaga {rF- rN+ Will+
                  | SInv} (You bought it in a shop in the Dungeon)
   353 | D        | Bought a pair of glowing gloves for 165 gold pieces
   366 | D        | Noticed a flying skull
   366 | D        | Noticed a flying skull
   372 | D        | Killed a flying skull
   374 | D        | Killed a flying skull
   378 | D        | Killed a flying skull
   378 | D        | Reached ***** piety under Trog
   419 | D        | Killed a boulder beetle
   420 | D        | Reached skill level 10 in Unarmed Combat
   420 | D        | Reached XP level 9. HP: 54/54 MP: 9/9
   438 | D        | Killed a boulder beetle
   439 | D        | Reached skill level 10 in Fighting
   439 | D        | Reached skill level 11 in Unarmed Combat
   520 | D        | Reached XP level 10. HP: 53/60 MP: 10/10
   521 | D        | Received a gift from Trog
   528 | D        | Reached skill level 10 in Armour
   528 | D        | Reached skill level 10 in Dodging
   542 | D        | Reached skill level 12 in Unarmed Combat
   712 | D        | Noticed a sixfirhy
   863 | D        | Found a glowing golden altar of the Shining One.
   863 | D        | Found an ornate altar of the Wu Jian Council.
   864 | D        | Found a shimmering altar of Xom.
   864 | D        | Found a sacrificial altar of Ru.
   865 | D        | Found a basalt altar of Yredelemnul.
   865 | D        | Found a shimmering blue altar of Sif Muna.
   866 | D        | Found a glowing silver altar of Zin.
   866 | D        | Found a bloodstained altar of Trog.
   866 | D        | Found an ancient bone altar of Kikubaaqudgha.
   866 | D        | Found a stormy altar of Qazlal.
   866 | D        | Found a viscous altar of Jiyva.
   867 | D        | Found a hide-covered altar of Uskayaw.
   867 | D        | Found a corrupted altar of Lugonu.
   867 | D        | Found a shadowy altar of Dithmenos.
   868 | D        | Found a radiant altar of Vehumet.
   868 | D        | Found a burning altar of Makhleb.
   868 | D        | Found a white marble altar of Elyvilon.
   869 | D        | Found a sparkling altar of Nemelex Xobeh.
   869 | D        | Found a blossoming altar of Fedhas.
   870 | D        | Found an iron altar of Okawaru.
   870 | D        | Found an opulent altar of Gozag.
   879 | D        | Received a gift from Trog
   900 | D        | Found a hazy altar of Hepliaklqana.
   900 | D        | Found a snail-covered altar of Cheibriados.
   901 | D        | Found a roughly hewn altar of Beogh.
   914 | D        | Noticed an orange crystal statue
   943 | D        | Noticed Kirke
   943 | D        | Noticed a skeletal warrior
   943 | D        | Noticed a yaktaur captain
   943 | D        | Noticed a kobold demonologist
   944 | D        | Noticed a centaur warrior
   944 | D        | Noticed an elephant
   949 | D        | Killed a skeletal warrior
   952 | D        | Killed a yaktaur captain
   955 | D        | Killed Kirke
   956 | D        | Reached skill level 13 in Unarmed Combat
   956 | D        | Reached XP level 11. HP: 55/66 MP: 10/10
   961 | D        | Killed a centaur warrior
   963 | D        | Received a gift from Trog
   967 | D        | Reached ****** piety under Trog
  1024 | D        | Bought a scroll of magic mapping for 45 gold pieces
  1027 | D        | Bought an uncursed amulet of reflection for 390 gold pieces
  1053 | D        | Noticed a manticore
  1054 | D        | Noticed a manticore
  1054 | D        | Noticed a manticore
  1057 | D        | Killed a manticore
  1058 | D        | Killed a manticore
  1059 | D        | Killed a manticore
  1068 | D        | Noticed a hell hog
  1068 | D        | Noticed a hell hog
  1068 | D        | Killed from afar by a hell hog

Illustrated notes

Levels and vault maps discovered:
D:        the_violet_keep_of_menkaure [sprint2_stairs_cluster_1,
          sprint2_shoproom, sprint2_temple, sprint2_basic_supplies,
          sprint2_obstacle_1, sprint2_obstacle_4, sprint2_obstacle_3,
          sprint2_obstacle_6, sprint2_obstacle_7, sprint2_timed_cluster_1,
          sprint2_smallroom_cluster_1, sprint2_smallroom_final_cluster_1,
          sprint2_transparent_cluster_1, sprint2_second_timed_cluster_1,
          sprint2_sniper_area_1, sprint2_heavy_combat_area_1,
          sprint2_mutation_trap_area_1, sprint2_forest_area_1,
          sprint2_light_combat_area_1, sprint2_behind_water_1,
          sprint2_near_end_vault_1]

Skill      XL: |  1  2  3  4  5  6  7  8  9 10 |
---------------+-------------------------------+-----
Fighting       | 4 5 6 7 8 9 10 12 | 12.6
Armour         | 3 4 5 6 7 8 9 11 | 11.5
Dodging        | 3 4 5 6 7 8 9 11 | 11.6
Unarmed Combat | 5 6 8 9 10 11 13 | 13.6

Action                   |  1- 3 |  4- 6 |  7- 9 | 10-12 || total
-------------------------+-------+-------+-------+-------++-------
Melee: Unarmed           |     3 |    17 |    96 |    77 ||   193
       Bite              |     2 |     8 |    33 |    27 ||    70
       Punch             |       |       |     4 |     3 ||     7
Invok: Berserk           |     1 |       |     2 |     2 ||     5
       Brothers in Arms  |       |       |       |     3 ||     3
       Trog's Hand       |       |       |       |     1 ||     1
  Use: Potion            |       |     1 |       |     1 ||     2
       Scroll            |       |       |       |     1 ||     1
 Stab: Distracted        |       |       |       |     1 ||     1
Armor: Animal skin       |       |     1 |       |       ||     1
       Leather armour    |       |       |     9 |    23 ||    32
Dodge: Dodged            |       |     4 |    53 |    44 ||   101
Block: Other             |       |       |       |     1 ||     1
